 Dungeon Crawl Stone Soup version 0.26-a0-958-gf3041fb45f (webtiles) character file.

Game seed: 16033652689695721984

3268 Gildeon the Ruffian (level 9, 0/86 (88) HPs)
             Began as a Troll Transmuter on Nov 30, 2020.
             Was an Elder of Nemelex Xobeh.
             Slain by an orc
             ... wielding a +0 flail
              (5 damage)
             ... on level 8 of the Dungeon on Dec 1, 2020.
             The game lasted 00:26:30 (7994 turns).

Gildeon the Ruffian (Troll Transmuter)              Turns: 7994, Time: 00:26:31

HP:   0/86 (88)     AC:  7    Str: 20    XL:     9   Next: 68%
MP:   7/9           EV: 12    Int: 11    God:    Nemelex Xobeh [****..]
Gold: 439           SH:  5    Dex: 11    Spells: 0/10 levels left

rFire    . . .     SeeInvis .     - Unarmed
rCold    . . .     Faith    .   (no shield)
rNeg     . . .     Spirit   .   a - +0 robe
rPois    .         Reflect  +   (helmet currently unavailable)
rElec    .         Harm     .   t - +0 cloak
rCorr    .         Rampage  .   (gloves unavailable)
MR       .....                  (boots unavailable)
Stlth    +.........             E - amulet of reflection
HPRegen  0.64/turn              (no ring)
MPRegen  0.11/turn              (no ring)

@: appendages, wereblooded
A: large, unfitting armour, claws 3, horns 2, talons 2, regeneration 1, shaggy
fur 1, tough skin 3
a: End Transformation, Draw Escape, Draw Destruction, Draw Summoning, Triple
Draw, Deal Four, Renounce Religion


You were on level 8 of the Dungeon.
You worshipped Nemelex Xobeh.
Nemelex Xobeh was greatly pleased with you.
You had grown temporary horns.
You had grown temporary talons.
You visited 1 branch of the dungeon, and saw 8 of its levels.
You also visited: Sewer and Ossuary.

You collected 439 gold pieces.

Inventory:

Hand Weapons
 z - a +2 vorpal dire flail
Armour
 a - a +0 robe (worn)
 l - a +0 kite shield
 t - a +0 cloak (worn)
Jewellery
 f - an uncursed ring of ice
 E - an amulet of reflection (around neck)
 F - an uncursed ring of stealth {unknown}
Wands
 v - a wand of flame (17)
 y - a wand of polymorph (9)
 B - a wand of enslavement (10)
Scrolls
 d - 3 scrolls of fog
 e - 3 scrolls of remove curse
 j - 3 scrolls of magic mapping
 k - 5 scrolls of teleportation
 n - 2 scrolls of blinking {unknown}
 r - a scroll of enchant weapon {unknown}
 A - a scroll of fear {unknown}
 D - a scroll of random uselessness {unknown}
Potions
 b - 4 potions of might
 c - 4 potions of attraction
 g - 6 potions of heal wounds
 h - 4 potions of brilliance
 i - a potion of cancellation
 m - a potion of ambrosia
 o - a potion of berserk rage
 p - a potion of haste
 q - 2 potions of mutation {unknown}
 s - 6 potions of curing
 u - 3 potions of flight
 w - a potion of invisibility {unknown}
 x - a potion of lignification {unknown}
 C - a potion of resistance {unknown}


   Skills:
 + Level 5.2 Fighting
 + Level 1.4 Maces & Flails
 + Level 5.2 Dodging
 + Level 1.2 Shields
 + Level 7.8 Unarmed Combat
 - Level 1.2 Spellcasting
 - Level 5.0 Transmutations
 + Level 1.1 Poison Magic
 + Level 1.6 Invocations
 + Level 1.1 Evocations


You couldn't memorise any spells.
You knew the following spells:

 Your Spells              Type           Power        Failure   Level
a - Beastly Appendage     Tmut           ##....       4%          1
b - Wereblood             Tmut           ##......     6%          2
c - Spider Form           Tmut/Pois      #.........   26%         3
d - Ice Form              Ice/Tmut       #.......     75%         4

Your spell library contained the following spells:

 Spells                   Type           Power        Failure   Level
 Blade Hands              Tmut           ##........   75%         5


Dungeon Overview and Level Annotations

Branches:
Dungeon (8/15)             Temple (0/1) D:6           Sewer (visited)
Ossuary (visited)
   Lair: D:8-11

Altars:
Ashenzari
Dithmenos
Gozag
Kikubaaqudgha
Makhleb
Nemelex Xobeh
Vehumet
The Shining One

Shops:
D:6 *


Innate Abilities, Weirdness & Mutations

You are too large for most types of armour.
You have claws for hands.
Your natural rate of healing is unusually fast.
You are covered in fur. (AC +1)
You have extremely tough skin. (AC +3)
You have a pair of horns on your head.
You have razor-sharp toenails.


Message History

The bullfrog hits you. The gnoll hits you.
* * * LOW HITPOINT WARNING * * *
The orc closely misses you. The sky beast misses you.
You block the worker ant's attack. The gnoll hits you but does no damage.
The orc closely misses you. The bullfrog closely misses you.
The gnoll barely misses you. The worker ant bites you.
* * * LOW HITPOINT WARNING * * *
The gnoll barely misses you.
The orc hits you from afar with a +0 trident.
* * * LOW HITPOINT WARNING * * *
The sky beast hits you.
* * * LOW HITPOINT WARNING * * *
The sky beast shocks you.
* * * LOW HITPOINT WARNING * * *
The bullfrog hits you.
* * * LOW HITPOINT WARNING * * *
You block the orc's attack. The gnoll misses you.
The orc hits you with a +0 flail.
You die...
Your body glows slightly and disappears.

...... ..... .
.... ..##...
#...... ##
#....#.#
###...Yg.#
.....Og@B#
......ooF.#
.....go.o....
..<............
...............
..?..##.#......
..... ###.##...
....( .. .[#


You could see a sky beast, an ogre, a bullfrog, a worker ant, 3 gnolls and 4
orcs.

Vanquished Creatures
  A wraith (Ossuary)
  Menkaure (D:5)
  Edmund (D:6)
  Duvessa (D:6)
  2 necrophages
  2 sky beasts
  An ogre (D:6)
  2 centaurs
  6 big kobolds
  Blork the orc (D:6)
  A bullfrog (D:7)
  A wyvern zombie (D:6)
  Dowan (D:6)
  2 scorpions (D:4)
  A water moccasin skeleton (D:4)
  2 howler monkeys
  2 jellies
  2 centaur zombies
  3 hounds
  2 orc priests
  A gnoll shaman (D:7)
  A bullfrog skeleton (D:6)
  8 worker ants
  3 orc wizards
  A hound skeleton (D:7)
  A mummy (Ossuary)
  3 worker ant zombies
  19 gnolls
  6 adders
  11 river rats
  A shadow imp (D:5)
  A white imp (D:6)
  2 adder skeletons
  5 dart slugs
  A worm (D:2)
  2 leopard geckos (D:4)
  36 orcs
  4 bats
  4 giant cockroaches
  32 goblins
  18 hobgoblins
  15 jackals
  19 kobolds
  3 quokkas
  11 ball pythons
  4 frilled lizards
  6 gnoll skeletons (Ossuary)
  A goblin zombie (D:7)
  2 jackal skeletons
  12 kobold skeletons (Ossuary)
  A leopard gecko skeleton (D:5)
  7 orc skeletons (Ossuary)
  24 rats
  A rat zombie (D:7)
301 creatures vanquished.

Vanquished Creatures (others)
  An orc (D:6)
1 creature vanquished.

Grand Total: 302 creatures vanquished

Notes
Turn   | Place    | Note
-------+----------+-------------------------------------------
     0 | D:1      | Gildeon the Troll Transmuter began the quest for the Orb.
     0 | D:1      | Reached XP level 1. HP: 18/18 MP: 1/1
   321 | D:1      | Reached skill level 1 in Fighting
   831 | D:1      | Reached XP level 2. HP: 27/27 MP: 2/2
  1173 | D:2      | Learned a level 2 spell: Wereblood
  1225 | D:2      | Reached XP level 3. HP: 33/33 MP: 3/3
  1308 | D:2      | Found a sparkling altar of Nemelex Xobeh.
  1309 | D:2      | Found an opulent altar of Gozag.
  1319 | D:2      | Became a worshipper of Nemelex Xobeh the Trickster
  1402 | D:2      | Found a broken altar of Ashenzari.
  1780 | D:3      | Reached XP level 4. HP: 39/41 MP: 4/4
  1910 | D:3      | Found a radiant altar of Vehumet.
  2086 | D:3      | Reached XP level 5. HP: 40/49 MP: 5/5
  2090 | D:3      | Learned a level 3 spell: Spider Form
  2122 | D:3      | Found a shadowy altar of Dithmenos.
  2196 | D:3      | Reached skill level 4 in Unarmed Combat
  2252 | D:3      | Reached * piety under Nemelex Xobeh
  2623 | D:4      | Found an ancient bone altar of Kikubaaqudgha.
  2669 | D:4      | Reached XP level 6. HP: 23/59 MP: 6/6
  2872 | D:4      | Received a gift from Nemelex Xobeh
  3250 | D:4      | Reached XP level 7. HP: 60/66 MP: 7/7
  3684 | D:4      | Reached skill level 5 in Unarmed Combat
  4374 | D:5      | Entered Level 5 of the Dungeon
  4393 | D:5      | Reached XP level 8. HP: 64/78 MP: 8/8
  4609 | D:5      | Reached ** piety under Nemelex Xobeh
  4804 | D:5      | Received a gift from Nemelex Xobeh
  5109 | D:5      | Noticed Menkaure
  5116 | D:5      | Killed Menkaure
  5409 | D:5      | Found a glowing golden altar of the Shining One.
  5503 | D:6      | Found Bampuf's Bounteous Boutique.
  5535 | D:6      | Found a glowing drain.
  5559 | D:6      | Noticed Blork the orc
  5565 | D:6      | Killed Blork the orc
  5566 | D:6      | Reached skill level 6 in Unarmed Combat
  5574 | Sewer    | Entered a sewer
  6288 | D:6      | Reached skill level 5 in Dodging
  6299 | D:6      | Reached XP level 9. HP: 25/87 MP: 9/9
  6304 | D:6      | Learned a level 4 spell: Ice Form
  6443 | D:6      | Reached skill level 5 in Fighting
  6457 | D:6      | Reached *** piety under Nemelex Xobeh
  6457 | D:6      | Received a gift from Nemelex Xobeh
  6517 | D:6      | Noticed Edmund
  6526 | D:6      | Killed Edmund
  6563 | D:6      | Noticed Duvessa
  6568 | D:6      | Killed Duvessa
  6569 | D:6      | Reached skill level 7 in Unarmed Combat
  6569 | D:6      | Reached skill level 5 in Transmutations
  6569 | D:6      | Noticed Dowan
  6575 | D:6      | Killed Dowan
  6601 | D:6      | Found a staircase to the Ecumenical Temple.
  7186 | D:7      | Found a sand-covered staircase.
  7206 | Ossuary  | Entered an ossuary
  7291 | Ossuary  | Reached skill level 1 in Invocations
  7547 | D:7      | Reached skill level 1 in Maces & Flails
  7601 | D:7      | Reached skill level 1 in Shields
  7664 | D:7      | Reached skill level 1 in Poison Magic
  7687 | D:7      | Received a gift from Nemelex Xobeh
  7790 | D:7      | Reached skill level 1 in Evocations
  7794 | D:7      | Reached **** piety under Nemelex Xobeh
  7884 | D:7      | Found a burning altar of Makhleb.
  7994 | D:8      | Slain by an orc

Illustrated notes

Levels and vault maps discovered:
D:1:      dpeg_arrival_simpleton_a, layout_loops_corners,
          minmay_misc_feat_roman, roderic_serpentine_path
D:2:      minmay_door_path, layout_basic, grunt_temple_overflow_opulence,
          evilmike_ruin_ashenzari
D:3:      layout_loops_ring, lemuel_doored_altar, lemuel_round_altar
D:4:      minmay_goblin_kobold_castle, layout_layer_cave,
          nicolae_overflow_hidden_temple
D:5:      layout_basic, tso_oasis_becter, uniq_menkaure
D:6:      layout_loops_cross, minmay_temple_entry_glassed_door,
          portal_sewer_entry_b, nicolae_alphabet_shops, uniq_duvessa,
          uniq_edmund, uniq_blork_the_orc
D:7:      layout_cave_pools, enter_ossuary_4, makhleb_blood_cavern_becter
D:8:      layout_cave_pools, minmay_shop_mass, uniq_prince_ribbit1

Skill      XL: |  1  2  3  4  5  6  7  8  9 |
---------------+----------------------------+-----
Fighting       | 1 2 3 4 5 |  5.2
Dodging        | 2 3 4 5 |  5.2
Transmutations | 2 3 4 5 |  5.0
Unarmed Combat | 4 5 6 7 |  7.8
Invocations    | 1 |  1.6
Maces & Flails | 1 |  1.4
Shields        | 1 |  1.2
Poison Magic   | 1 |  1.1
Evocations     | 1 |  1.1
Spellcasting   | |  1.2

Action                   |  1- 3 |  4- 6 |  7- 9 || total
-------------------------+-------+-------+-------++-------
Melee: Unarmed           |    89 |   173 |   574 ||   836
       Headbutt          |       |     4 |    14 ||    18
       Kick              |       |     5 |    24 ||    29
       Punch             |       |       |    10 ||    10
 Cast: Beastly Appendage |     1 |     7 |    13 ||    21
       Wereblood         |       |       |     5 ||     5
Invok: Draw Destruction  |       |       |     7 ||     7
Evoke: Wand              |       |       |     5 ||     5
  Use: Scroll            |       |     7 |    13 ||    20
       Potion            |       |       |     3 ||     3
 Stab: Distracted        |       |       |     1 ||     1
Armor: Robe              |    30 |    65 |   216 ||   311
Dodge: Dodged            |    44 |   131 |   410 ||   585
Block: Other             |       |       |    15 ||    15

Table legend: (Time is in decaauts)
 A = Elapsed time spent in this place.
 B = Non-inter-level travel time spent in this place.
 C = Inter-level travel time spent in this place.
 D = Time resting spent in this place.
 E = Time spent auto-exploring this place.
 F = Levels seen in this place.
 G = Mean time per level.
                   A        B        C        D        E       F      G
               +--------+--------+--------+--------+--------+-----+--------+
         Total |   7942 |   7583 |    359 |     94 |   5720 |  10 |  794.2 |
       Dungeon |   7113 |   6754 |    359 |     94 |   5220 |   8 |  889.1 |
         Sewer |    561 |    561 |      0 |      0 |    343 |   1 |  561.0 |
       Ossuary |    267 |    267 |      0 |      0 |    157 |   1 |  267.0 |
               +--------+--------+--------+--------+--------+-----+--------+

Top non-repeatable levels by time:
     D:4: 1820 daAuts
     D:5: 1104 daAuts
     D:6: 1026 daAuts
     D:1: 919 daAuts
     D:3: 882 daAuts
     D:2: 727 daAuts
     D:7: 622 daAuts
   Sewer: 561 daAuts
 Ossuary: 267 daAuts
     D:8: 11 daAuts
